Map: Dusk Towers

Players

capac - Winner!

  • Race: Terran Terran
  • League: Gold

A.I. 1 (Very Hard)

  • Race: Zerg Zerg

VOD

Have the link to the VOD?

Description

Time

  • Played on: Feb. 21, 2016, 10:02 a.m.
  • Length: 12:37
Show
View Real Time Build Order
Export as new Build Order

capac Terran - Winner!

Build Orders: MMM Bio 

Get SALT Encoding   

  12  0:01  SCV  
  13  0:13  SCV  
  14  0:18  Supply Depot  
  14  0:25  SCV  
  15  0:40  SCV  
  16  0:42  Barracks  
  16  0:51  Refinery  
  16  0:52  SCV  
  17  1:04  SCV  
  18  1:16  SCV  
  19  1:28  SCV  
  20  1:39  Barracks Reactor, Command Center  
  20  1:41  SCV  
  21  1:50  Supply Depot  
  21  1:53  SCV  
  22  1:56  Refinery  
  22  2:09  SCV  
  23  2:16  Factory  
  23  2:18  Marine x2  
  25  2:27  Orbital Command  
  25  2:41  Marine x2  
  27  2:46  Barracks  
  27  2:56  SCV  
  28  2:59  SCV  
  29  3:06  Starport  
  29  3:07  Factory Reactor  
  29  3:11  SCV  
  31  3:12  SCV  
  31  3:19  Marine x2  
  32  3:24  SCV  
  32  3:26  SCV  
  36  3:36  Barracks Tech Lab  
  36  3:37  Marine  
  36  3:39  Barracks  
  36  3:40  SCV x2  
  38  3:52  SCV  
  38  3:53  SCV  
  40  3:55  Supply Depot  
  40  3:58  Marine, Stimpack  
  40  4:01  Medivac  
  43  4:05  Medivac  
  45  4:12  Marine  
  46  4:17  Marine  
  46  4:18  Marine  
  46  4:20  SCV x2  
  50  4:27  Supply Depot  
  50  4:33  Liberator x2  
  50  4:34  Marine  
  51  4:42  Refinery  
  51  4:51  Factory Tech Lab  
  57  4:54  Marine x2  
  57  4:56  SCV x2  
  57  4:58  Supply Depot  
  62  5:03  Marine  
  62  5:05  Barracks Reactor  
  62  5:17  Engineering Bay  
  62  5:18  Engineering Bay  
  62  5:20  Marine  
  62  5:21  Marine x2  
  64  5:23  Siege Tank  
  66  5:45  Terran Infantry Weapons Level 1  
  66  5:48  SCV  
  67  5:50  Orbital Command  
  67  5:51  Marine x5  
  67  5:56  Medivac  
  67  6:37  Marine x4  
  67  6:39  Medivac x2  
  73  6:40  Siege Tank  
  76  6:48  Barracks, Combat Shields  
  76  6:50  Barracks, Command Center  
  76  7:01  Marine  
  76  7:02  Marine  
  76  7:07  Supply Depot  
  78  7:08  Supply Depot  
  78  7:11  Liberator x2  
  78  7:12  Refinery  
  78  7:28  Marine, SCV  
  86  7:30  Marine x4, SCV  
  86  7:32  Supply Depot  
  86  7:35  Supply Depot  
  91  7:38  Terran Infantry Armor Level 1  
  91  7:46  Marine  
  91  7:47  Marine x4  
  96  7:52  SCV x2  
  96  7:56  Supply Depot  
  98  8:04  Marine  
  99  8:05  Marine x2  
  99  8:06  Siege Tank  
  99  8:09  Marine x2  
  106  8:14  Barracks Reactor x2  
  106  8:22  Supply Depot  
  106  8:23  Marine x2  
  108  8:37  Orbital Command  
  108  8:42  Marine x2  
  108  8:43  Marine x3  
  108  8:47  Siege Tank  
  116  8:49  Medivac  
  117  9:00  Armory  
  117  9:05  SCV x2  
  117  9:06  SCV  
  120  9:10  Refinery, Marine x2  
  120  9:11  Refinery, Marine x6  
  128  9:19  Siege Tank  
  132  9:38  SCV x2  
  132  9:44  Marine x4  
  132  9:45  Marine x2  
  140  9:48  Terran Infantry Weapons Level 2  
  140  9:49  Terran Infantry Armor Level 2  
  140  9:54  Marine x3  
  143  10:00  SCV  
  143  10:02  Marine x3  
  143  10:04  Marine x3  
  149  10:23  Marine  
  128  11:03  Marine x4  
  129  11:31  Marine x3  
  129  11:32  Marine x3  
  135  11:50  Marine  
  135  11:51  Marine x6  
  135  11:52  Marine  
  143  11:59  Supply Depot  
  143  12:03  Supply Depot  
Show
View Real Time Build Order
Export as new Build Order

A.I. 1 (Very Hard) Zerg 

Build Orders: Pool First 

Get SALT Encoding   

  12  0:00  Drone  
  13  0:12  Overlord  
  13  0:17  Drone  
  14  0:30  Drone x2  
  16  0:43  Spawning Pool  
  16  0:44  Drone  
  16  0:48  Drone  
  17  1:11  Hatchery  
  17  1:13  Drone  
  17  1:18  Extractor  
  17  1:19  Extractor  
  17  1:20  Drone  
  17  1:24  Drone  
  17  1:29  Drone  
  18  1:38  Drone  
  19  1:48  Overlord  
  19  1:57  Queen  
  21  2:02  Zergling x2  
  22  2:10  Drone  
  23  2:24  Queen  
  25  2:30  Drone  
  25  2:36  Drone  
  27  2:40  Drone  
  28  2:44  Drone  
  29  3:00  Roach Warren  
  29  3:01  Drone  
  29  3:04  Drone  
  30  3:07  Zergling x2  
  30  3:11  Zergling x2  
  32  3:17  Overlord  
  32  3:20  Drone  
  32  3:23  Drone  
  34  3:40  Roach x2  
  38  3:42  Roach x2  
  38  3:48  Lair  
  42  3:52  Overlord  
  42  3:57  Overlord  
  42  4:00  Zergling x2  
  42  4:02  Zergling x2  
  44  4:10  Zergling x2, Drone x2  
  44  4:13  Drone  
  44  4:15  Drone  
  49  4:18  Drone  
  49  4:22  Overlord  
  50  4:26  Roach  
  50  4:30  Roach  
  54  4:34  Roach  
  54  4:37  Roach  
  58  4:41  Overlord  
  58  4:47  Drone  
  58  4:48  Drone  
  58  4:49  Hydralisk Den  
  58  4:51  Drone  
  60  4:54  Roach  
  60  4:58  Roach  
  64  5:01  Overlord  
  64  5:08  Drone  
  64  5:10  Drone  
  64  5:12  Drone  
  67  5:14  Drone  
  67  5:16  Drone  
  67  5:18  Drone  
  67  5:20  Hydralisk, Drone  
  73  5:24  Hydralisk  
  73  5:27  Drone  
  73  5:28  Drone  
  75  5:31  Drone  
  75  5:35  Drone  
  74  5:38  Drone  
  74  5:40  Drone  
  75  5:45  Overlord  
  75  5:47  Drone  
  75  5:48  Drone  
  77  5:50  Drone  
  77  5:55  Infestation Pit  
  77  5:58  Drone  
  77  6:01  Baneling Nest  
  77  6:04  Ravager, Drone  
  78  6:05  Ravager  
  78  6:08  Overlord  
  78  6:11  Roach  
  82  6:14  Drone  
  82  6:16  Drone  
  82  6:18  Drone  
  76  6:20  Drone  
  76  6:23  Drone  
  71  6:28  Hydralisk  
  71  6:32  Zergling x2, Infestor  
  65  6:45  Baneling  
  64  6:48  Hydralisk  
  64  6:49  Zergling x2, Roach  
  69  7:01  Drone  
  70  7:08  Hatchery  
  70  7:10  Drone  
  70  7:13  Drone, Overseer  
  70  7:14  Drone  
  72  7:17  Drone, Overseer  
  75  7:22  Roach  
  75  7:33  Roach  
  77  7:44  Hydralisk, Infestor  
  77  7:45  Roach  
  83  7:55  Zergling x2  
  84  8:05  Overlord  
  84  8:16  Hydralisk, Infestor  
  84  8:17  Roach  
  84  8:18  Evolution Chamber  
  89  8:36  Infestor  
  89  8:37  Roach x2  
  89  8:38  Roach  
  89  8:40  Overlord  
  97  8:44  Zerg Missile Weapons Level 1  
  97  8:54  Hatchery  
  96  9:00  Evolution Chamber  
  95  9:03  Spine Crawler  
  95  9:07  Spine Crawler, Hydralisk  
  95  9:11  Hydralisk  
  97  9:21  Queen, Extractor  
  97  9:23  Lurker Den  
  98  9:31  Extractor  
  97  9:33  Zerg Ground Armor Level 1  
  97  9:46  Spore Crawler  
  97  9:47  Drone  
  97  9:48  Spore Crawler  
  97  9:49  Drone  
  97  9:53  Drone  
  97  9:54  Drone x2  
  97  9:59  Ravager  
  101  10:01  Overlord, Roach  
  101  10:05  Queen  
  101  10:06  Drone x4  
  109  10:07  Drone  
  109  10:10  Drone  
  109  10:14  Ravager, Extractor  
  112  10:15  Drone  
  112  10:17  Drone  
  112  10:19  Drone  
  114  10:23  Overlord  
  114  10:25  Zergling x2  
  114  10:27  Zergling x2  
  93  10:29  Drone  
  93  10:32  Roach  
  93  10:34  Roach  
  74  10:38  Roach  
  74  10:39  Roach  
  74  10:40  Hydralisk  
  76  10:48  Roach  
  76  10:49  Hydralisk, Roach  
  80  10:52  Drone x2  
  80  10:54  Drone  
  77  10:59  Drone  
  77  11:00  Roach  
  77  11:02  Roach  
  77  11:04  Drone  
  63  11:20  Zergling x2  
  63  11:22  Zergling x2  
  63  11:23  Hydralisk, Drone, Roach  
  63  11:24  Roach, Drone  
  57  11:37  Hydralisk, Roach x2  
  54  11:49  Zergling x4  
  51  11:54  Drone x2  
  35  12:09  Hatchery  
Tags
 
Composition
MMM Bio
League
Gold
Matchup
TvZ
Opening
Pool First
Add a new tag
Caveats
  • Supply blocks, unpowered buildings, or Contaminate may cause inaccurate times.
  • Supply counts are checked every 10 seconds.